Map: Torri del crepuscolo

Players

MaxPauer - Winner!

  • Race: Protoss Protoss
  • League: Diamond

Jhyrachy

  • Race: Zerg Zerg

VOD

Have the link to the VOD?

Description

Time

  • Played on: March 9, 2016, 11:20 a.m.
  • Length: 24:24
Show
View Real Time Build Order
Export as new Build Order

MaxPauer Protoss - Winner!

Build Orders: Nexus First 

Get SALT Encoding   

  12  0:01  Probe (Chrono Boost)  
  13  0:11  Probe (Chrono Boost)  
  14  0:19  Pylon  
  14  0:22  Probe (Chrono Boost)  
  15  0:38  Probe (Chrono Boost)  
  16  0:48  Probe (Chrono Boost)  
  17  0:58  Nexus  
  17  1:10  Gateway  
  17  1:12  Probe (Chrono Boost)  
  18  1:20  Assimilator  
  18  1:22  Probe (Chrono Boost)  
  20  1:33  Probe (Chrono Boost)  
  20  1:37  Assimilator  
  20  1:43  Probe (Chrono Boost)  
  21  1:49  Gateway  
  21  1:54  Probe (Chrono Boost)  
  22  2:02  Cybernetics Core  
  22  2:03  Pylon  
  22  2:10  Probe x2 (Chrono Boost)  
  24  2:19  Pylon  
  24  2:21  Probe (Chrono Boost)  
  24  2:22  Probe (Chrono Boost)  
  26  2:31  Probe (Chrono Boost)  
  26  2:33  Probe (Chrono Boost)  
  28  2:40  Adept x2 (Chrono Boost)  
  32  2:45  Warp Gate  
  32  2:49  Probe x2  
  34  3:01  Probe x2  
  36  3:14  Adept x2 (Chrono Boost)  
  36  3:18  Stargate  
  36  3:19  Stargate  
  40  3:21  Probe  
  40  3:22  Probe  
  42  3:32  Pylon  
  42  3:34  Probe x2  
  44  4:06  Adept x2 (Chrono Boost)  
  44  4:07  Phoenix (Chrono Boost)  
  44  4:08  Phoenix (Chrono Boost)  
  52  4:11  Probe x2  
  54  4:19  Gateway x2  
  54  4:22  Gateway  
  54  4:23  Probe x2  
  56  4:24  Pylon  
  56  4:29  Pylon  
  56  4:35  Probe x2  
  58  4:43  Phoenix x2 (Chrono Boost)  
  62  4:47  Probe  
  62  4:48  Probe  
  64  4:53  Assimilator  
  64  4:57  Assimilator  
  64  4:59  Probe  
  65  5:07  Nexus  
  65  5:09  Phoenix (Chrono Boost)  
  67  5:17  Phoenix (Chrono Boost)  
  69  5:34  Probe x2  
  71  5:42  Robotics Facility  
  71  5:46  Probe x2  
  73  5:50  Pylon  
  73  5:53  Pylon  
  73  5:58  Probe x2, Pylon  
  75  6:05  Pylon  
  75  6:07  Stalker  
  75  6:08  Stalker  
  75  6:09  Stalker x3  
  85  6:13  Probe x2  
  87  6:25  Probe x2  
  88  6:53  Stalker x2  
  88  6:54  Stalker x3  
  87  7:19  Probe  
  87  7:20  Probe x2  
  94  7:23  Phoenix x2 (Chrono Boost)  
  94  7:29  Probe  
  94  7:32  Probe x2  
  95  7:40  Probe  
  96  7:44  Phoenix x2 (Chrono Boost), Probe x2  
  96  7:50  Probe  
  96  7:51  Stalker x5  
  106  7:56  Probe  
  106  7:57  Probe  
  115  8:01  Probe  
  116  8:06  Phoenix x2 (Chrono Boost)  
  116  8:08  Probe  
  116  8:09  Probe, Pylon x2  
  116  8:11  Probe, Twilight Council  
  122  8:13  Pylon x2  
  123  8:21  Probe  
  123  8:22  Probe  
  125  8:30  Robotics Facility  
  125  8:33  Pylon  
  125  8:34  Pylon  
  125  8:35  Pylon  
  125  8:43  Probe  
  125  8:44  Probe  
  125  8:45  Probe  
  125  8:47  Assimilator  
  128  8:51  Assimilator  
  128  8:52  Gateway  
  128  8:54  Gateway  
  128  8:55  Gateway  
  128  8:57  Probe, Gateway  
  129  9:12  Nexus  
  129  9:14  Assimilator  
  129  9:19  Assimilator  
  127  9:24  Pylon  
  127  9:25  Pylon  
  127  9:27  Pylon  
  127  9:29  Pylon  
  125  9:46  Stalker x3  
  125  9:47  Stalker x2  
  125  9:50  Immortal x2  
  141  10:29  Immortal x2  
  141  10:30  Phoenix x2 (Chrono Boost)  
  141  10:33  Probe x2  
  141  10:35  Probe x2  
  157  10:44  Probe x2  
  157  10:47  Probe x2  
  157  10:49  Forge x2, Pylon  
  161  10:51  Pylon  
  161  10:52  Phoenix x2 (Chrono Boost)  
  161  10:54  Probe  
  161  10:55  Probe  
  167  10:59  Probe x2  
  169  11:05  Probe x2  
  169  11:08  Immortal  
  169  11:09  Immortal  
  169  11:11  Probe x2  
  181  11:13  Phoenix x2 (Chrono Boost)  
  181  11:16  Resonating Glaives  
  185  11:23  Protoss Ground Weapons Level 1 (Chrono Boost)  
  185  11:24  Protoss Ground Armor Level 1 (Chrono Boost)  
  185  11:28  Probe x2  
  185  11:29  Probe x2  
  189  11:38  Probe  
  189  11:41  Probe x2  
  189  11:43  Nexus  
  189  11:46  Assimilator  
  192  11:47  Probe  
  192  11:49  Probe  
  192  11:52  Assimilator  
  192  11:53  Probe x2  
  196  11:54  Pylon  
  196  11:56  Pylon  
  196  11:58  Probe, Pylon  
  196  11:59  Probe  
  196  12:00  Pylon  
  180  12:36  Adept x5  
  190  12:37  Adept x3  
  196  12:56  Blink  
  196  13:06  Gateway  
  196  13:08  Gateway  
  196  13:10  Gateway  
  196  13:11  Warp Prism  
  196  13:12  Gateway  
  198  13:15  Gateway  
  178  13:58  Oracle x2  
  184  14:21  Protoss Ground Weapons Level 2 (Chrono Boost)  
  184  14:22  Protoss Ground Armor Level 2 (Chrono Boost)  
  184  14:31  Gateway  
  184  14:34  Phoenix x2 (Chrono Boost), Gateway x2  
  184  14:36  Gateway  
  188  14:39  Gateway  
  188  14:57  Phoenix x2 (Chrono Boost)  
  183  15:19  Phoenix x2 (Chrono Boost)  
  187  15:40  Phoenix (Chrono Boost)  
  187  15:41  Phoenix (Chrono Boost)  
  191  16:02  Phoenix x2 (Chrono Boost)  
  109  17:13  Zealot  
  109  17:14  Zealot x3  
  109  17:15  Zealot x7  
  127  17:16  Zealot x3  
  127  17:22  Charge  
  127  17:33  Zealot x3  
  127  17:34  Zealot x5  
  127  17:35  Zealot x3  
  149  17:42  Stalker x3  
  149  17:43  Stalker x5  
  165  17:52  Robotics Bay  
  161  18:15  Stalker  
  161  18:16  Stalker x4  
  161  18:17  Stalker x3  
  161  18:18  Stalker x4  
  161  18:19  Stalker x2  
  187  18:25  Nexus  
  183  19:27  Disruptor x2  
  185  20:03  Disruptor x2  
  161  20:26  Zealot x2  
  161  20:27  Zealot x6  
  161  20:28  Zealot x6  
  185  20:29  Zealot x3  
  167  20:58  Stalker x4  
  167  20:59  Stalker x5  
  167  21:00  Stalker x6  
  176  23:20  Adept x2  
  176  23:21  Adept x5  
  176  23:22  Adept x3  
Show
View Real Time Build Order
Export as new Build Order

Jhyrachy Zerg 

Build Orders: Hatch First, Lurkers 

Get SALT Encoding   

  12  0:02  Drone  
  13  0:09  Drone  
  14  0:17  Overlord  
  14  0:36  Drone x3  
  17  0:54  Hatchery  
  16  1:01  Drone  
  17  1:14  Spawning Pool  
  17  1:15  Drone  
  17  1:25  Overlord  
  17  1:34  Extractor  
  16  1:43  Drone x2  
  18  1:52  Drone  
  19  2:01  Queen  
  21  2:12  Queen  
  21  2:13  Zergling x4  
  21  2:14  Zergling x2  
  26  2:29  Roach Warren  
  25  2:30  Drone  
  26  2:57  Drone  
  26  2:58  Hatchery, Drone x5  
  31  3:09  Lair  
  30  3:17  Zergling x4  
  32  3:22  Metabolic Boost  
  31  3:39  Zergling x10  
  36  3:42  Overlord  
  30  4:06  Overlord  
  30  4:14  Extractor  
  29  4:17  Spore Crawler  
  29  4:18  Overseer  
  29  4:21  Queen  
  30  4:24  Drone x3  
  30  4:25  Drone x3  
  36  4:53  Drone x3  
  36  4:57  Spire  
  38  5:24  Queen x2  
  38  5:25  Queen  
  44  5:32  Spine Crawler  
  44  5:35  Spore Crawler  
  43  5:42  Spore Crawler  
  42  5:45  Spore Crawler  
  42  5:47  Drone  
  42  5:48  Drone x5  
  47  6:00  Queen  
  49  6:15  Overlord x2  
  49  6:16  Overlord  
  41  7:15  Queen  
  37  7:57  Hydralisk Den  
  36  8:01  Overlord x4  
  36  8:06  Extractor  
  36  8:09  Extractor  
  34  8:23  Drone x2  
  34  8:26  Roach  
  44  8:27  Roach x14  
  44  8:29  Lurker Den  
  66  8:34  Overlord  
  66  8:35  Overlord x2  
  66  8:52  Queen  
  66  8:55  Evolution Chamber  
  67  9:02  Ravager x2  
  71  9:03  Ravager x4  
  71  9:06  Drone x2  
  71  9:07  Drone  
  71  9:08  Drone x3  
  71  9:09  Overlord x3  
  63  9:53  Hydralisk x3  
  63  9:54  Hydralisk x6  
  75  10:29  Muscular Augments  
  75  10:44  Queen  
  75  10:49  Drone  
  80  10:50  Drone x14  
  92  10:59  Queen  
  94  11:17  Mutalisk x2  
  98  11:21  Overlord x3  
  98  11:39  Queen  
  99  11:49  Mutalisk  
  99  11:50  Mutalisk x7  
  86  12:46  Hydralisk  
  86  12:47  Hydralisk x11  
  110  12:53  Spore Crawler  
  110  12:56  Spore Crawler  
  110  12:57  Spore Crawler  
  107  12:59  Spore Crawler  
  106  13:13  Extractor  
  106  13:15  Extractor  
  104  13:24  Lurker x3  
  88  14:01  Lurker  
  88  14:02  Lurker x3  
  92  14:14  Zergling x2  
  92  14:15  Zergling x40  
  113  14:19  Zerg Melee Weapons Level 1  
  113  14:41  Hatchery  
  100  16:01  Hatchery  
  99  16:12  Lurker  
  99  16:16  Roach  
  99  16:17  Roach x13  
  128  16:19  Overlord x4  
  128  16:20  Overlord  
  128  16:43  Hydralisk  
  128  16:44  Hydralisk x13  
  117  17:18  Lurker  
  115  17:26  Lurker  
  115  17:27  Lurker x3  
  113  17:30  Drone  
  113  17:31  Drone x13  
  120  17:42  Queen  
  120  17:43  Queen  
  123  18:21  Hatchery, Hydralisk x2  
  123  18:22  Hydralisk  
  128  18:33  Zerg Ground Armor Level 1  
  128  18:49  Hatchery  
  113  19:51  Evolution Chamber  
  94  20:27  Zerg Missile Weapons Level 1  
  78  20:50  Lurker x4  
  78  20:51  Lurker x4  
  78  21:07  Hydralisk  
  78  21:08  Hydralisk x17  
  78  21:09  Hydralisk x6  
  122  21:59  Mutalisk x2  
  122  22:00  Mutalisk x3  
Tags
 
Add a new tag
Caveats
  • Supply blocks, unpowered buildings, or Contaminate may cause inaccurate times.
  • Supply counts are checked every 10 seconds.